 Dungeon Crawl Stone Soup version 0.31.0-32-g396128a36d (webtiles) character file.

Game seed: 8459411369598505133

135 unlimited1921 the Grave Robber (level 4, -1/30 HPs)
             Began as a Vampire Necromancer on Mar 11, 2024.
             Slain by a gnoll
             ... wielding a +0 halberd
              (10 damage)
             ... on level 3 of the Dungeon.
             The game lasted 00:13:54 (2156 turns).

unlimited1921 the Grave Robber (VpNe)               Turns: 2156, Time: 00:13:54

Health: -1/30      AC:  3    Str: 13    XL:     4   Next: 96%
Magic:  2/8        EV: 12    Int: 19    God:
Gold:   207        SH:  0    Dex: 10    Spells: 8/9 levels left

rFire   . . .        l - +0 trident
rCold   . . .        (no shield)
rNeg    + + .        a - +0 robe
rPois   .            (no helmet)
rElec   .            d - +0 cloak
rCorr   .            (no gloves)
SInv    +            (no boots)
Will    .....        (no amulet)
Stlth   ++           o - ring "Zaesuegee" {Fly rN++ Str+6 Dex-4}
HPRegen 0.45/turn    (no ring)
MPRegen 0.11/turn

%: no passive effects
@: flying, healing quickly
A: alive, fangs 3, see invisible, vampiric 2
a: Exsanguinate


You were on level 3 of the Dungeon.
You visited 1 branch of the dungeon, and saw 3 of its levels.

You collected 207 gold pieces.

Inventory:

Hand Weapons
 i - a +0 dagger
 k - a +0 short sword
 l - a +0 trident (weapon)
Missiles
 h - 3 curare-tipped darts
Armour
 a - a +0 robe (worn)
 d - a +0 cloak (worn)
 p - a +0 scale mail
 v - a +0 tower shield
Jewellery
 o - the ring "Zaesuegee" (left hand) {Fly rN++ Str+6 Dex-4}
   (You found it on level 2 of the Dungeon)

   [ring of flight]

   Str+6:     It affects your strength (+6).
   Dex-4:     It affects your dexterity (-4).
   rN++:      It greatly protects you from negative energy.
   Fly:       It grants you flight.
Wands
 u - a wand of flame (1) (quivered)
Scrolls
 c - a scroll of amnesia {unknown}
 g - 2 scrolls of immolation {unknown}
 j - a scroll of noise {unknown}
 n - a scroll of identify {unknown}
 q - a scroll of fear {unknown}
 r - a scroll of poison {unknown}
 s - a scroll of silence {unknown}
 x - a scroll of torment {unknown}
Potions
 b - a potion of magic
 e - 2 potions of haste
 f - 2 potions of curing {unknown}
 m - a potion of heal wounds {unknown}
 t - a potion of degeneration {unknown}
 w - a potion of brilliance {unknown}


   Skills:
 + Level 0.1 Throwing
 + Level 2.5 Dodging
 + Level 3.1 Stealth
 * Level 0.6 Shields
 + Level 3.1 Spellcasting
 + Level 5.9 Necromancy


You had 8 spell levels left.
You knew the following spells:

 Your Spells              Type           Power      Damage    Failure   Level
a - Necrotise             Necr           100%       1d9       1%          1

Your spell library contained the following spells:

 Spells                   Type           Power      Damage    Failure   Level
 Vampiric Draining        Necr           25%        2d7       4%          3
 Cigotuvi's Dreadful Rot  Necr/Alch/Air  20%        N/A       11%         2
 Animate Dead             Necr           25%        N/A       13%         4
 Curse of Agony           Necr           25%        N/A       36%         5
 Ignite Poison            Fire/Alch      2%         N/A       83%         4
 Freezing Cloud           Conj/Ice/Air   1%         6-21      99%         5


Dungeon Overview and Level Annotations

Branches:
Dungeon (3/15)

Altars:
Fedhas
Gozag


Innate Abilities, Weirdness & Mutations

Your natural rate of healing is accelerated.
You have razor-sharp teeth.
You have supernaturally acute eyesight. (SInv)
You are afflicted with vampirism and can become a bat while bloodless.


Message History

Aim: a gnoll, wielding a +0 whip (severely wounded, ally target, 72% to hit)
The puff of flame hits the gnoll!
You kill the gnoll!
Unknown command.
Aiming: Throw Flame
Press: ? - help, Q - select action, (/) - cycle Shift-Dir - straight line, f - orc
Aim: an orc, wielding a +0 club (ally target, 68% to hit)
The puff of flame misses the orc.
The orc hits you with a +0 club.
Unknown command.
Aiming: Throw Flame
Press: ? - help, Q - select action, (/) - cycle Shift-Dir - straight line, f/p - orc
Aim: an orc, wielding a +0 club (ally target, 68% to hit)
The puff of flame hits the orc.
The orc is almost dead.
Your kobold skeleton hits the orc.
The orc dies!
Things that are here:
5 stones; a +0 short sword A gnoll comes into view.
It is wielding a +0 halberd.
Your kobold skeleton barely misses the gnoll.
Your kobold skeleton crumbles into dust!
The gnoll attacks as it pursues you!
The gnoll hits you from afar with a +0 halberd.
The gnoll attacks as it pursues you! The gnoll closely misses you.
The gnoll attacks as it pursues you! The gnoll barely misses you.
The gnoll attacks as it pursues you!
The gnoll hits you from afar with a +0 halberd!
The gnoll attacks as it pursues you!
The gnoll hits you from afar with a +0 halberd!
* * * LOW HITPOINT WARNING * * *
The gnoll attacks as it pursues you! The gnoll closely misses you.
Casting: Necrotise (safe; 1% risk of failure)
Confirm with . or Enter, or press ? or * to list all spells.
Aiming: Necrotise (safe; 1% risk of failure)
Press: ? - help, Shift-Dir - straight line, f - gnoll
Aim: a gnoll, wielding a +0 halberd (chance to affect: 88%)
The gnoll writhes in agony.
The gnoll hits you from afar with a +0 halberd!
You die...

#.#.##
##.......#........#
#.###
##.....######.####
... ##...## #.# #.#
##'## #.# #.# #.#
#.# #.# ###.# #.#
#...########.#
#............#
#####.@####### ##.#
#g# .. ..##.#
..###### ..##.#
...../# ..##.#
#....# #.##.#
#....# #.##.# ...#
#.#..#


You could see a gnoll.

Vanquished Creatures
  A bombardier beetle (D:3)
  2 adders (D:3)
  2 gnolls (D:3)
  A dart slug (D:3)
  2 ribbon worms (D:2)
  An orc (D:3)
  4 ball pythons
  3 endoplasms
  3 giant cockroaches (D:2)
  5 goblins
  3 hobgoblins
  2 jackals (D:1)
  2 quokkas (D:1)
  4 bats
  4 frilled lizards
  8 kobolds
  4 rats
51 creatures vanquished.

Vanquished Creatures (collateral kills)
  3 orcs (D:3)
  3 bats
  An endoplasm (D:1)
  A goblin (D:1)
  A ball python (D:1)
9 creatures vanquished.

Grand Total: 60 creatures vanquished

Notes
Turn   | Place    | Note
-------+----------+-------------------------------------------
     0 | D:1      | unlimited1921 the Vampire Necromancer began the quest for
                  | the Orb.
     0 | D:1      | Reached XP level 1. HP: 13/13 MP: 3/3
   176 | D:1      | Reached XP level 2. HP: 19/19 MP: 3/5
   284 | D:1      | Reached skill level 5 in Necromancy
   394 | D:1      | You fall into a shaft and drop 1 floor!
   398 | D:2      | Found a faded altar of an unknown god.
   866 | D:2      | Gained mutation: You are afflicted with vampirism and can
                  | become a bat while bloodless. [Vampire growth]
   866 | D:2      | Reached XP level 3. HP: 24/24 MP: 4/6
   935 | D:2      | Identified the ring "Zaesuegee" {Fly rN++ Str+6 Dex-4}
   957 | D:2      | Found a blossoming altar of Fedhas.
  1413 | D:3      | Reached XP level 4. HP: 30/30 MP: 0/8
  1614 | D:3      | Found an opulent altar of Gozag.
  2156 | D:3      | Slain by a gnoll

Illustrated notes

Levels and vault maps discovered:
D:1:      matt_arrival_diagonals, layout_basic, serial_bayou_pond_a
D:2:      layout_rooms, basic_ecumenical_altar, basic_altar,
          ebering_dispersal_statue_hall, feat_on_display
D:3:      minmay_recursive_quarters, layout_loops_corners,
          grunt_gozag_breadcrumbs

Skill      XL: |  1  2  3  4 |
---------------+-------------+-----
Necromancy     | 5 |  5.9
Spellcasting   | 3 |  3.1
Throwing       | |  0.1
Dodging        | |  2.5
Stealth        | |  3.1
Shields        | |  0.6

Action                     |  1- 3 |  4- 6 || total
---------------------------+-------+-------++-------
  Melee: Short sword       |     9 |       ||     9
         Trident           |     8 |     3 ||    11
         Bite              |     2 |     1 ||     3
         Punch             |     1 |       ||     1
  Throw: Dart              |     3 |       ||     3
   Cast: Necrotise         |    62 |    31 ||    93
  Evoke: Wand              |       |     6 ||     6
    Use: Potion            |     1 |       ||     1
 Armour: Robe              |    20 |    12 ||    32
  Dodge: Dodged            |    29 |     9 ||    38
